 Dungeon Crawl Stone Soup version 0.18.1-50-g88ac8fd (webtiles) character file.

88 Apert the Skirmisher (level 4, -5/40 HPs)
             Began as a Hill Orc Fighter on Sept 14, 2016.
             Slain by Sigmund
             ... wielding a +0 scythe
              (9 damage)
             ... on level 2 of the Dungeon.
             The game lasted 00:04:03 (2252 turns).

Apert the Skirmisher (Hill Orc Fighter)             Turns: 2252, Time: 00:04:03

Health: -5/40      AC:  7    Str: 19    XL:     4   Next: 53%
Magic:  4/4        EV:  7    Int:  8    God:
Gold:   129        SH:  9    Dex: 10    Spells: 0 memorised, 3 levels left

rFire  . . .     SeeInvis .     s - +2 hand axe (chop)
rCold  . . .     Gourm    .     b - +0 scale mail
rNeg   . . .     Faith    .     c - +0 shield
rPois  .         Spirit   .     (no helmet)
rElec  .         Dismiss  .     (no cloak)
rCorr  .         Reflect  .     (no gloves)
SustAt .         Harm     .     (no boots)
MR     .....                    (no amulet)
Stlth  ..........               (no ring)
                                (no ring)

@: not resistant to hostile enchantments, extremely unstealthy
A: no striking features
a: no special abilities


You were on level 2 of the Dungeon.
You were not hungry.

You visited 1 branch of the dungeon, and saw 3 of its levels.

You collected 129 gold pieces.

Inventory:

Hand Weapons
 a - a +0 flail
 s - a +2 hand axe of chopping (weapon)
Armour
 b - a +0 scale mail (worn)
 c - a +0 shield (worn)
Jewellery
 t - an uncursed ring of fire {unknown}
Scrolls
 e - 5 scrolls of identify {unknown}
 l - 5 scrolls of teleportation {unknown}
 o - a scroll of enchant weapon {unknown}
 p - a scroll of random uselessness {unknown}
 q - a scroll of enchant armour {unknown}
 r - a scroll of fear {unknown}
Potions
 d - a potion of might
 g - a potion of heal wounds {unknown}
 h - a potion of cancellation {unknown}
 j - 2 potions of lignification {unknown}
 k - a potion of berserk rage {unknown}
 m - 2 potions of degeneration {unknown}
 n - a potion of brilliance {unknown}
Comestibles
 f - 4 bread rations
 i - a meat ration
 u - a chunk of flesh


   Skills:
 + Level 4.3 Fighting
 + Level 0.3(2.1) Axes
 + Level 2.8 Maces & Flails
 + Level 4.1 Armour
 + Level 0.2 Dodging
 + Level 0.3 Stealth
 + Level 4.0 Shields


You had 3 spell levels left.
You didn't know any spells.

Dungeon Overview and Level Annotations

Branches:
Dungeon (3/15)

Altars:

Annotations:
D:2 Sigmund


Message History

You hear some strange, mumbled words.
You are confused.
Something hits you but does no damage.
You're too confused to move!
Something hits you but does no damage. Something hits you!
* * * LOW HITPOINT WARNING * * *
You miss something. You hit something.
You hear some strange, mumbled words.
Something tries to affect you, but you resist.
Something hits you.
* * * LOW HITPOINT WARNING * * *
You miss something.
You feel less confused.
You barely miss something. Something hits you.
* * * LOW HITPOINT WARNING * * *
You closely miss something. You block something's attack.
You hit something. Something hits you!
You die...

#.##.#.#
#######.##.##.#
#.##.#.# ####.......#
#.##.#.##
##.#####.####
#.......####....)...#
#...............#####
#.##.##..#.......##
#.##..............#
#.#####..#...{...##
#.#####.....@.>.##
#.......####...##
######### ##.## ###


There were no monsters in sight!

Vanquished Creatures
  3 adders
  2 oozes
  2 worms
  3 dart slugs
  2 orcs (D:3)
  5 bats
  A giant cockroach (D:3)
  6 goblins
  5 hobgoblins
  5 kobolds
  A quokka (D:3)
  3 giant newts
38 creatures vanquished.

Notes
Turn   | Place    | Note
--------------------------------------------------------------
     0 | D:1      | Apert the Hill Orc Fighter began the quest for the Orb.
     0 | D:1      | Reached XP level 1. HP: 19/19 MP: 1/1
   280 | D:1      | Reached XP level 2. HP: 25/27 MP: 2/2
   874 | D:2      | Reached XP level 3. HP: 20/33 MP: 3/3
   945 | D:2      | Noticed Sigmund
  1822 | D:3      | Reached XP level 4. HP: 40/40 MP: 4/4
  2252 | D:2      | Slain by Sigmund

Skill      XL: |  1  2  3  4 |
---------------+-------------+-----
Fighting       | 4 |  4.3
Shields        | 4 |  4.0
Armour         | 4 |  4.1
Axes           | |  0.3
Maces & Flails | |  2.8
Dodging        | |  0.2
Stealth        | |  0.3

Action                   |  1- 3 |  4- 6 || total
-------------------------+-------+-------++-------
Melee: Flail             |    94 |       ||    94
       Hand axe          |    19 |    21 ||    40
  Eat: Chunk             |     3 |     1 ||     4
Armor: Scale mail        |    40 |     6 ||    46
Dodge: Dodged            |    37 |     3 ||    40
Block: Shield            |    46 |     6 ||    52
